AoeStats
← falcon_br

Arabia

510186618Analyzed
4v4 RM · 2d ago on Sep 29, 2026· 27m 22s· 8 players
Game mode
Random Map
Map size
Large (8 player)
Population
200
Speed
Normal
Resources
Standard
Victory
Conquest
Starting age
Dark Age
Ending age
Imperial Age
RankedLock teamsTeams togetherTeam positionsShared explorationLock speedFull tech treeHidden civsTurbo modeCheats
Victory
Defeat
🇨🇴 Britons · Colombia
1372
+7
🇬🇹 Huns · Guatemala
1180
+13
🇬🇹 Spanish · Guatemala
1091
+17
🇪🇨 Malians · Ecuador
780
+28
🇧🇷 Saracens · Brazil
1216
-20
🇧🇷 Persians · Brazil
1174
-18
🇧🇷 Ethiopians · Brazil
1100
-16
🇧🇷 Franks · Brazil
979
-11
CazadorGT
6:22 Loom
9:25 Feudal Age
11:42 Scale Mail Armor
11:50 Scale Barding Armor
13:33 Forging
13:53 Double-Bit Axe
19:13 Bloodlines
27:54 Castle Age
26:22 Horse Collar
FeherFarkas
7:45 Loom
10:38 Feudal Age
11:33 Double-Bit Axe
18:52 Fletching
27:04 Padded Archer Armor
Juan_DavidMLL
6:14 Loom
9:10 Feudal Age
16:22 Fletching
17:57 Double-Bit Axe
23:56 Castle Age
24:34 Bodkin Arrow
24:01 Crossbowman
25:08 Bow Saw
Lord Nono
0:44 Loom
13:07 Feudal Age
17:29 Castle Age
20:26 Scale Mail Armor
22:33 Gold Mining
25:48 Horse Collar
25:58 Double-Bit Axe
falcon_br
6:52 Loom
10:15 Feudal Age
12:12 Double-Bit Axe
Portel4
6:54 Loom
9:56 Feudal Age
16:19 Fletching
23:19 Castle Age
21:59 Padded Archer Armor
24:13 Thumb Ring
23:36 Crossbowman
24:18 Bodkin Arrow
24:38 Leather Archer Armor
24:56 Double-Bit Axe
24:54 Horse Collar
26:56 Wheelbarrow
GAX | Neymar_Aoe2
6:29 Loom
9:58 Feudal Age
10:45 Double-Bit Axe
24:40 Wheelbarrow
27:34 Castle Age
BRAZILBIKINI
7:05 Loom
10:35 Feudal Age
11:40 Double-Bit Axe
18:20 Horse Collar
25:13 Forging
27:46 Scale Barding Armor
Connection lost

Rejoining the realm…

Still unreachable

The connection could not be restored.

Session expired

The server has moved on; the page needs a fresh start.